TOP OF THE 1ST |
Washington State Cougars batting - Pitching for Baylor Bears : RHP Bailey Walton
|
Pitching: RHP Bailey Walton
|
|
Batting: RHB Merlin Dobbin
|
0-0: Ball 1-0: Called Strike 1-1: Foul Ball, location: 2F 1-2: Strikes out swinging
|
Batting: RHB Marc Rogers
|
0-0: Ball 1-0: Foul Ball, location: 2F 1-1: Ball 2-1: Ground out 5-3 (Groundball, 56S)
|
Batting: LHB Conan Bush
|
0-0: SOLO HOME RUN (Flyball, 89XD), Distance : 366 ft
|
Batting: RHB Jesse Pérez
|
0-0: Foul Ball, location: 2F 0-1: Swinging Strike 0-2: Foul Ball, location: 2F 0-2: Foul Ball, location: 2F 0-2: Ball 1-2: Ground out 6-3 (Groundball, 6)
|
Top of the 1st over - 1 run(s), 1 hit(s), 0 error(s), 0 left on base; Washington State 1 - Baylor 0 |
BOTTOM OF THE 1ST |
Baylor Bears batting - Pitching for Washington State Cougars : RHP Travis Farmer
|
Pitching: RHP Travis Farmer
|
|
Batting: RHB Lloyd Arnette
|
0-0: Called Strike 0-1: Called Strike 0-2: Strikes out swinging
|
Batting: LHB Pepe González
|
0-0: SINGLE (Groundball, 34D)
|
Batting: LHB Sergio García
|
0-0: Single, Error in OF, E9, batter to second base Pepe González to third
|
Batting: RHB Dave Coleman
|
0-0: Called Strike 0-1: Ground out 5-3 (Groundball, 56S) Pepe González scores Sergio García to third
|
Batting: SHB Ryan Roberts
|
0-0: Ball 1-0: Ball 2-0: Called Strike 2-1: Called Strike 2-2: Strikes out looking
|
Bottom of the 1st over - 1 run(s), 2 hit(s), 1 error(s), 1 left on base; Washington State 1 - Baylor 1 |
TOP OF THE 2ND |
Washington State Cougars batting - Pitching for Baylor Bears : RHP Bailey Walton
|
Batting: RHB Rick Holman
|
0-0: Called Strike 0-1: Called Strike 0-2: Ball 1-2: Strikes out swinging
|
Batting: RHB Millard Cummings
|
0-0: SINGLE (Line Drive, 4MD)
|
Batting: SHB Jeff Page
|
0-0: Ball 1-0: Called Strike 1-1: Called Strike 1-2: Strikes out swinging
|
Batting: RHB Ian Hill
|
0-0: Called Strike 0-1: Swinging Strike 0-2: Ball 1-2: Foul Ball, location: 2F 1-2: Strikes out swinging
|
Top of the 2nd over - 0 run(s), 1 hit(s), 0 error(s), 1 left on base; Washington State 1 - Baylor 1 |
BOTTOM OF THE 2ND |
Baylor Bears batting - Pitching for Washington State Cougars : RHP Travis Farmer
|
Batting: RHB John Davis
|
0-0: Ball 1-0: Ball 2-0: Called Strike 2-1: Fly out, F7 (Line Drive, 7)
|
Batting: LHB Allen Hall
|
0-0: Ball 1-0: Called Strike 1-1: Foul Ball, location: 2F 1-2: Ball 2-2: Strikes out swinging
|
Batting: RHB Charles Walters
|
0-0: Foul Ball, location: 2F 0-1: Ball 1-1: Called Strike 1-2: Strikes out swinging
|
Bottom of the 2nd over - 0 run(s), 0 hit(s), 0 error(s), 0 left on base; Washington State 1 - Baylor 1 |
TOP OF THE 3RD |
Washington State Cougars batting - Pitching for Baylor Bears : RHP Bailey Walton
|
Batting: LHB Jorge Ramírez
|
0-0: Called Strike 0-1: Ball 1-1: Ball 2-1: Ball 3-1: Foul Ball, location: 2F 3-2: Strikes out swinging
|
Batting: RHB Merlin Dobbin
|
0-0: Called Strike 0-1: Called Strike 0-2: Strikes out looking
|
Batting: RHB Marc Rogers
|
0-0: Foul Ball, location: 2F 0-1: Ball 1-1: Ball 2-1: Swinging Strike 2-2: Foul Ball, location: 2F 2-2: Ground out 5-3 (Groundball, 56)
|
Top of the 3rd over - 0 run(s), 0 hit(s), 0 error(s), 0 left on base; Washington State 1 - Baylor 1 |
BOTTOM OF THE 3RD |
Baylor Bears batting - Pitching for Washington State Cougars : RHP Travis Farmer
|
Batting: RHB Eric Turner
|
0-0: Called Strike 0-1: Ground out 6-3 (Groundball, 6D)
|
Batting: RHB Lloyd Arnette
|
0-0: Called Strike 0-1: Ball 1-1: Foul Ball, location: 2F 1-2: Ball 2-2: Ball 3-2: Base on Balls
|
Batting: LHB Pepe González
|
0-0: Called Strike 0-1: Ball 1-1: Ball 2-1: Swinging Strike 2-2: Strikes out swinging Lloyd Arnette steals 2nd base Batter strikes out.
|
Batting: LHB Sergio García
|
0-0: Ground out U3 (Groundball, 34)
|
Bottom of the 3rd over - 0 run(s), 0 hit(s), 0 error(s), 1 left on base; Washington State 1 - Baylor 1 |
TOP OF THE 4TH |
Washington State Cougars batting - Pitching for Baylor Bears : RHP Bailey Walton
|
Batting: LHB Conan Bush
|
0-0: Called Strike 0-1: Foul Ball, location: 2F 0-2: Ball 1-2: Foul Ball, location: 2F 1-2: Foul Ball, location: 2F 1-2: SINGLE (Line Drive, 8RS)
|
Batting: RHB Jesse Pérez
|
0-0: Swinging Strike 0-1: Ball 1-1: Ball 2-1: DOUBLE (Line Drive, 7) Conan Bush to third
|
Batting: RHB Rick Holman
|
0-0: Called Strike 0-1: Called Strike 0-2: Ball 1-2: Ball 2-2: Ground out 6-3 (Groundball, 6) Conan Bush scores
|
Batting: RHB Millard Cummings
|
0-0: Ball 1-0: Ball 2-0: Foul Ball, location: 2F 2-1: SINGLE (Flyball, 9S) Jesse Pérez to third Runner from 3rd tries for Home, SAFE, throw made home
|
Batting: SHB Jeff Page
|
0-0: Ball 1-0: Ball 2-0: SINGLE (Groundball, 34D) Millard Cummings to second Throwing error, E9 Millard Cummings scores Jeff Page to second
|
Batting: RHB Ian Hill
|
0-0: Foul Ball, location: 2F 0-1: Ball 1-1: Called Strike 1-2: Ball 2-2: Foul Ball, location: 2F 2-2: Ball 3-2: Foul Ball, location: 2F 3-2: Foul Ball, location: 2F 3-2: Ground out 5-3 (Groundball, 56)
|
Batting: LHB Jorge Ramírez
|
0-0: 2-RUN HOME RUN (Flyball, 89XD), Distance : 373 ft
|
Batting: RHB Merlin Dobbin
|
0-0: Foul Ball, location: 2F 0-1: SINGLE (Line Drive, 56)
|
Batting: RHB Marc Rogers
|
0-0: Fly out, F8 (Flyball, 8RD)
|
Top of the 4th over - 5 run(s), 6 hit(s), 1 error(s), 1 left on base; Washington State 6 - Baylor 1 |
BOTTOM OF THE 4TH |
Baylor Bears batting - Pitching for Washington State Cougars : RHP Travis Farmer
|
Batting: RHB Dave Coleman
|
0-0: Fly out, F5 (Popup, 56)
|
Batting: SHB Ryan Roberts
|
0-0: Ball 1-0: Ball 2-0: Ground out U3 (Groundball, 34)
|
Batting: RHB John Davis
|
0-0: Ball 1-0: Fly out, F4 (Popup, 34)
|
Bottom of the 4th over - 0 run(s), 0 hit(s), 0 error(s), 0 left on base; Washington State 6 - Baylor 1 |
TOP OF THE 5TH |
Washington State Cougars batting - Pitching for Baylor Bears : RHP Bailey Walton
|
Pitching: RHP Doug Roberts
|
|
Batting: LHB Conan Bush
|
0-0: DOUBLE (Line Drive, 89D)
|
Batting: RHB Jesse Pérez
|
0-0: Swinging Strike 0-1: Swinging Strike 0-2: 2-RUN HOME RUN (Flyball, 7D) (Inside the Park)
|
Batting: RHB Rick Holman
|
0-0: Ground out 4-3 (Groundball, 34)
|
Batting: RHB Millard Cummings
|
0-0: Ball 1-0: Foul Ball, location: 2F 1-1: Ball 2-1: Ball 3-1: Foul Ball, location: 2F 3-2: Strikes out swinging
|
Batting: SHB Jeff Page
|
0-0: Ball 1-0: Called Strike 1-1: Called Strike 1-2: Strikes out swinging
|
Top of the 5th over - 2 run(s), 2 hit(s), 0 error(s), 0 left on base; Washington State 8 - Baylor 1 |
BOTTOM OF THE 5TH |
Baylor Bears batting - Pitching for Washington State Cougars : RHP Travis Farmer
|
Batting: LHB Allen Hall
|
0-0: Ball 1-0: Ground out 3-1 (Groundball, 34S)
|
Batting: RHB Charles Walters
|
0-0: Ball 1-0: Ball 2-0: Foul Ball, location: 2F 2-1: Ball 3-1: DOUBLE (Line Drive, 78M)
|
Batting: RHB Eric Turner
|
0-0: SINGLE (Groundball, 15S) (infield hit) Charles Walters to third
|
Batting: RHB Lloyd Arnette
|
0-0: Ball 1-0: Ball 2-0: Ball 3-0: Called Strike 3-1: Fielders Choice at 2nd, 6-4 (Groundball, 6) Charles Walters scores
|
Batting: LHB Pepe González
|
0-0: Called Strike 0-1: Foul Ball, location: 2F 0-2: SINGLE (Groundball, 4) (infield hit) Lloyd Arnette to second
|
Batting: LHB Sergio García
|
0-0: Called Strike 0-1: Swinging Strike 0-2: Ball 1-2: Ball 2-2: Fielders Choice at 2nd, 4-6 (Groundball, 4)
|
Bottom of the 5th over - 1 run(s), 3 hit(s), 0 error(s), 1 left on base; Washington State 8 - Baylor 2 |
TOP OF THE 6TH |
Washington State Cougars batting - Pitching for Baylor Bears : RHP Doug Roberts
|
Batting: RHB Ian Hill
|
0-0: Ball 1-0: Foul Ball, location: 2F 1-1: Swinging Strike 1-2: Foul Ball, location: 2F 1-2: Strikes out swinging
|
Batting: LHB Jorge Ramírez
|
0-0: Ball 1-0: Ball 2-0: Called Strike 2-1: Fly out, F7 (Flyball, 78M)
|
Batting: RHB Merlin Dobbin
|
0-0: Ball 1-0: Foul Ball, location: 2F 1-1: Swinging Strike 1-2: Foul Ball, location: 2F 1-2: Ball 2-2: Ball 3-2: Foul Ball, location: 2F 3-2: Strikes out swinging
|
Top of the 6th over - 0 run(s), 0 hit(s), 0 error(s), 0 left on base; Washington State 8 - Baylor 2 |
BOTTOM OF THE 6TH |
Baylor Bears batting - Pitching for Washington State Cougars : RHP Travis Farmer
|
Batting: RHB Dave Coleman
|
0-0: Called Strike 0-1: Ball 1-1: Swinging Strike 1-2: Ball 2-2: Ground out 5-3 (Groundball, 5)
|
Batting: SHB Ryan Roberts
|
0-0: Foul Ball, location: 2F 0-1: Swinging Strike 0-2: Foul Ball, location: 2F 0-2: Ball 1-2: SINGLE (Line Drive, 8LS)
|
Batting: RHB John Davis
|
0-0: Foul Ball, location: 2F 0-1: Foul Ball, location: 2F 0-2: Ball 1-2: Foul Ball, location: 2F 1-2: Fly out, F6 (Popup, 56D)
|
Pitching: RHP Emílio Marín
|
|
Batting: LHB Allen Hall
|
0-0: Called Strike 0-1: Ball 1-1: Foul Ball, location: 2F 1-2: Ball 2-2: Strikes out swinging
|
Bottom of the 6th over - 0 run(s), 1 hit(s), 0 error(s), 1 left on base; Washington State 8 - Baylor 2 |
TOP OF THE 7TH |
Washington State Cougars batting - Pitching for Baylor Bears : RHP Doug Roberts
|
Batting: RHB Marc Rogers
|
0-0: Called Strike 0-1: Ball 1-1: Ball 2-1: Foul Ball, location: 2F 2-2: Foul Ball, location: 2F 2-2: SINGLE (Line Drive, 8RS)
|
Batting: LHB Conan Bush
|
0-0: Swinging Strike 0-1: Foul Ball, location: 2F 0-2: Foul Ball, location: 2F 0-2: Strikes out swinging
|
Batting: RHB Jesse Pérez
|
0-0: Ball 1-0: Ball 2-0: Called Strike 2-1: Ball 3-1: Base on Balls Marc Rogers to second
|
Batting: RHB Rick Holman
|
0-0: Swinging Strike 0-1: Swinging Strike 0-2: Ball 1-2: Ball 2-2: Fly out, F8 (Line Drive, 8LM)
|
Batting: RHB Millard Cummings
|
0-0: Ball 1-0: Ball 2-0: Ball 3-0: Called Strike 3-1: Called Strike 3-2: Strikes out swinging
|
Top of the 7th over - 0 run(s), 1 hit(s), 0 error(s), 2 left on base; Washington State 8 - Baylor 2 |
BOTTOM OF THE 7TH |
Baylor Bears batting - Pitching for Washington State Cougars : RHP Emílio Marín
|
Batting: RHB Charles Walters
|
0-0: Ball 1-0: Ball 2-0: Ball 3-0: Base on Balls
|
Batting: RHB Eric Turner
|
0-0: Ball 1-0: Ball 2-0: Ball 3-0: Called Strike 3-1: Foul Ball, location: 2F 3-2: 2-RUN HOME RUN (Flyball, 89XD), Distance : 373 ft
|
Pitching: RHP Wilford Hodge
|
|
Batting: RHB Lloyd Arnette
|
0-0: Foul Ball, location: 2F 0-1: Ball 1-1: Ball 2-1: Swinging Strike 2-2: Fly out, F4 (Line Drive, 4D)
|
Batting: LHB Pepe González
|
0-0: Ball 1-0: Fly out, F8 (Flyball, 8LS)
|
Batting: LHB Sergio García
|
0-0: Called Strike 0-1: Ball 1-1: Swinging Strike 1-2: Strikes out swinging
|
Bottom of the 7th over - 2 run(s), 1 hit(s), 0 error(s), 0 left on base; Washington State 8 - Baylor 4 |
TOP OF THE 8TH |
Washington State Cougars batting - Pitching for Baylor Bears : RHP Doug Roberts
|
Pitching: LHP Jason Hart
|
|
Batting: SHB Jeff Page
|
0-0: Ball 1-0: Ball 2-0: Called Strike 2-1: Called Strike 2-2: DOUBLE (Line Drive, 7LM)
|
Batting: RHB Ian Hill
|
0-0: Intentional Walk
|
Batting: LHB Jorge Ramírez
|
0-0: Ball 1-0: Bunted foul 1-1: Sac Bunt - play at third, runner OUT! 1-6 Ian Hill to second
|
Batting: RHB Merlin Dobbin
|
0-0: Called Strike 0-1: Ball 1-1: Ball Ian Hill steals 3rd base Jorge Ramírez to second 2-1: Foul Ball, location: 2F 2-2: Ball 3-2: Strikes out looking
|
Batting: RHB Marc Rogers
|
0-0: Foul Ball, location: 2F 0-1: Foul Ball, location: 2F 0-2: Ball 1-2: Foul Ball, location: 2F 1-2: Ball 2-2: Foul Ball, location: 2F 2-2: Ball 3-2: DOUBLE (Line Drive, 7LM) Ian Hill scores Jorge Ramírez scores
|
Batting: LHB Conan Bush
|
0-0: Ball 1-0: SINGLE (Line Drive, 34D) Marc Rogers to third Runner from 3rd tries for Home, SAFE, no throw
|
Batting: RHB Jesse Pérez
|
0-0: Swinging Strike 0-1: Ball 1-1: Ball 2-1: SINGLE (Groundball, 4D) Conan Bush to second Runner from 2nd tries for 3rd, OUT!
|
Top of the 8th over - 3 run(s), 4 hit(s), 0 error(s), 1 left on base; Washington State 11 - Baylor 4 |
BOTTOM OF THE 8TH |
Baylor Bears batting - Pitching for Washington State Cougars : RHP Wilford Hodge
|
Now in LF: Hunter Bond
|
|
Batting: RHB Dave Coleman
|
0-0: Called Strike 0-1: Ball 1-1: Ball 2-1: Ball 3-1: Base on Balls
|
Batting: SHB Ryan Roberts
|
0-0: Ball 1-0: Foul Ball, location: 2F 1-1: Ball 2-1: Swinging Strike 2-2: Strikes out swinging
|
Batting: RHB John Davis
|
0-0: Ball 1-0: Ball 2-0: Swinging Strike 2-1: Foul Ball, location: 2F 2-2: Strikes out looking
|
Batting: LHB Allen Hall
|
0-0: Ball 1-0: Foul Ball, location: 2F 1-1: Ball 2-1: Fly out, F7 (Flyball, 7LMF)
|
Bottom of the 8th over - 0 run(s), 0 hit(s), 0 error(s), 1 left on base; Washington State 11 - Baylor 4 |
TOP OF THE 9TH |
Washington State Cougars batting - Pitching for Baylor Bears : LHP Jason Hart
|
Pitching: RHP Stan Jackson
|
|
Batting: RHB Rick Holman
|
0-0: Ball 1-0: Called Strike 1-1: SINGLE (Groundball, 6MD)
|
Batting: RHB Millard Cummings
|
0-0: Foul Ball, location: 2F 0-1: SINGLE (Groundball, 34S) (infield hit) Rick Holman to second
|
Batting: SHB Jeff Page
|
0-0: Ball 1-0: Foul Ball, location: 2F 1-1: Foul Ball, location: 2F 1-2: Ball 2-2: Ball 3-2: Foul Ball, location: 2F 3-2: Base on Balls Rick Holman to third Millard Cummings to second
|
Batting: RHB Ian Hill
|
0-0: Called Strike 0-1: SINGLE (Line Drive, 89S) Rick Holman scores Millard Cummings to third Jeff Page to second
|
Batting: LHB Jorge Ramírez
|
0-0: Ball 1-0: Fly out, F8 (Flyball, 89M) Runner from 3rd tags up, SCORES, throw made
|
Batting: RHB Merlin Dobbin
|
0-0: Called Strike 0-1: Called Strike 0-2: Ball 1-2: Ball 2-2: Ball 3-2: Base on Balls Jeff Page to third Ian Hill to second
|
Batting: RHB Marc Rogers
|
0-0: Ball 1-0: Ground out 6-3 (Groundball, 6S) Jeff Page scores Ian Hill to third Merlin Dobbin to second
|
Batting: LHB Conan Bush
|
0-0: Foul Ball, location: 2F 0-1: Swinging Strike 0-2: Ball 1-2: Fly out, F9 (Flyball, 9S)
|
Top of the 9th over - 3 run(s), 3 hit(s), 0 error(s), 2 left on base; Washington State 14 - Baylor 4 |
BOTTOM OF THE 9TH |
Baylor Bears batting - Pitching for Washington State Cougars : RHP Wilford Hodge
|
Now at C: Walt Hamilton
|
|
Now at 2B: Montego Martínez
|
|
Batting: RHB Charles Walters
|
0-0: Ball 1-0: Called Strike 1-1: Foul Ball, location: 2F 1-2: Ball 2-2: Strikes out swinging
|
Batting: RHB Eric Turner
|
0-0: SINGLE (Line Drive, 8RS)
|
Batting: RHB Lloyd Arnette
|
0-0: Foul Ball, location: 2F 0-1: Reached on error, E6 (Groundball, 6S) Eric Turner to second
|
Batting: LHB Pepe González
|
0-0: Ball 1-0: Ball 2-0: Ball 3-0: Base on Balls Eric Turner to third Lloyd Arnette to second
|
Pinch Hitting: RHB Doug Carter
|
0-0: Called Strike 0-1: Swinging Strike 0-2: Ball 1-2: Strikes out swinging
|
Batting: RHB Dave Coleman
|
0-0: Ball 1-0: Ball 2-0: Swinging Strike 2-1: Ball 3-1: Swinging Strike 3-2: Foul Ball, location: 2F 3-2: Strikes out looking
|
Bottom of the 9th over - 0 run(s), 1 hit(s), 1 error(s), 3 left on base; Washington State 14 - Baylor 4 |
|